Map: Eternal Empire LE

Players

TrouserWorm

  • Race: Terran Terran
  • League: Silver
  • Spawn Location: 1:00

redbusman - Winner!

  • Race: Terran Terran
  • League: Silver
  • Spawn Location: 7:00

VOD

Have the link to the VOD?

Description

Time

  • Played on: July 21, 2020, 11:09 p.m.
  • Length: 25:21
Show
View Real Time Build Order
Export as new Build Order

TrouserWorm Terran 

Build Orders: Command Center First (CC) 

Get SALT Encoding   

  12  0:15  SCV  
  13  0:28  SCV  
  14  0:40  SCV  
  15  1:08  Supply Depot  
  15  1:11  Engineering Bay  
  15  1:14  Command Center  
  15  1:22  Refinery  
  15  1:48  Barracks  
  15  1:52  Refinery  
  15  1:53  SCV  
  16  2:05  SCV  
  17  2:17  SCV  
  18  2:45  Barracks Tech Lab  
  18  2:47  Supply Depot  
  18  2:48  Orbital Command x2  
  18  2:58  Missile Turret  
  18  3:06  Missile Turret  
  18  3:24  Marauder  
  20  3:32  Factory  
  20  3:45  Stimpack, Marauder  
  22  4:06  Marauder  
  24  4:12  Terran Infantry Weapons Level 1  
  24  4:16  Factory Reactor  
  24  4:28  Marauder  
  24  4:29  Starport  
  26  4:49  Marauder  
  28  5:03  Factory Tech Lab  
  28  5:11  Marauder  
  30  5:14  Medivac x2  
  34  5:32  Armory, Marauder  
  36  5:39  Widow Mine  
  38  5:49  Supply Depot  
  38  5:50  Supply Depot  
  38  5:53  Marauder  
  40  5:57  Command Center  
  40  6:00  Widow Mine  
  42  6:14  Marine  
  42  6:16  Neosteel Armor  
  43  6:22  Widow Mine  
  45  6:32  Marine  
  46  6:43  Widow Mine  
  48  6:50  Marine  
  49  7:04  Widow Mine  
  49  7:08  Marine  
  46  7:25  Siege Tank  
  46  7:28  Orbital Command  
  45  7:36  Liberator  
  48  7:49  Orbital Command  
  48  7:58  Siege Tank  
  51  8:28  Liberator x2  
  57  8:41  Drilling Claws  
  57  8:46  Orbital Command  
  52  9:33  Orbital Command  
  52  9:49  Widow Mine  
  54  9:59  SCV  
  55  10:06  Marauder  
  57  10:10  Widow Mine, Barracks  
  57  10:12  SCV  
  60  10:24  SCV  
  60  10:28  Marauder  
  63  10:32  Widow Mine  
  65  10:36  SCV  
  63  10:48  SCV  
  63  10:49  Marauder  
  63  10:52  Viking x2  
  63  10:53  Widow Mine  
  66  11:01  Refinery  
  66  11:03  Refinery  
  66  11:06  Missile Turret  
  66  11:08  Missile Turret  
  66  11:11  Marauder  
  68  11:14  Widow Mine  
  70  11:21  Missile Turret  
  70  11:22  Viking x2  
  70  11:23  Missile Turret  
  74  11:26  Missile Turret  
  74  11:27  Missile Turret x2  
  74  11:29  Missile Turret  
  74  11:32  Marauder  
  76  11:53  Orbital Command  
  76  12:18  Viking  
  76  12:22  Viking  
  70  12:30  Barracks Tech Lab  
  70  12:43  SCV  
  71  12:53  Command Center  
  71  12:55  SCV  
  71  12:56  Supply Depot  
  71  12:57  Supply Depot  
  72  13:07  Terran Ship Weapons Level 1, SCV  
  73  13:19  SCV  
  74  13:31  SCV  
  75  13:34  Refinery  
  75  13:35  Refinery  
  75  13:41  Missile Turret  
  75  13:52  Marine x2  
  77  14:01  Terran Infantry Weapons Level 2  
  77  14:03  Missile Turret  
  77  14:05  Missile Turret x2  
  77  14:09  Marine  
  77  14:10  Marine  
  77  14:11  SCV  
  77  14:16  Orbital Command  
  80  14:20  SCV  
  80  14:23  SCV  
  82  14:24  Combat Shield  
  82  14:25  Concussive Shells  
  82  14:27  Marine x2  
  82  14:29  Missile Turret  
  82  14:30  Missile Turret x2  
  84  14:32  SCV  
  84  14:34  Medivac  
  84  14:35  SCV, Medivac  
  90  14:45  Marine x2  
  90  14:47  SCV  
  93  14:59  SCV  
  94  15:01  Terran Vehicle And Ship Armor Level 1  
  94  15:03  Marine x2  
  94  15:04  Viking, Starport  
  94  15:05  Viking  
  100  15:34  Viking  
  100  15:35  Viking  
  104  15:36  Missile Turret x2  
  104  15:39  Missile Turret  
  104  15:41  Starport  
  104  15:43  Marauder x2  
  108  15:58  Supply Depot  
  108  16:00  Supply Depot  
  108  16:01  Supply Depot  
  108  16:11  Starport Reactor  
  108  16:17  Starport Reactor  
  108  16:18  Terran Infantry Armor Level 1  
  108  16:20  Marauder x2, Siege Tank  
  115  16:41  Marauder x2  
  94  16:52  Siege Tank  
  93  16:55  Terran Vehicle Weapons Level 1  
  93  17:03  Marauder x2  
  93  17:05  Viking x2  
  93  17:06  Viking x3  
  93  17:08  Viking  
  109  17:15  Supply Depot  
  109  17:20  Supply Depot  
  109  17:24  Marauder x2  
  113  17:35  Viking x2  
  113  17:36  Viking x2  
  121  17:45  Marine  
  121  17:46  Marauder  
  124  18:03  Marine  
  125  18:06  Marine  
  125  18:12  Hi-Sec Auto Tracking  
  126  18:15  Cyclone  
  129  18:21  Marine  
  129  18:24  Marine  
  131  18:29  Factory  
  131  18:38  Marine  
  117  18:42  Marine  
  117  18:47  Cyclone  
  80  18:49  Terran Ship Weapons Level 2  
  63  18:56  Marine  
  64  19:09  Viking x6  
  74  19:15  Factory Tech Lab  
  71  19:19  Siege Tank  
  72  19:39  Viking x3  
  72  19:42  Viking x3  
  84  19:51  Siege Tank  
  86  20:09  Viking  
  82  20:23  Siege Tank  
  64  20:55  Siege Tank  
  64  20:57  Orbital Command  
  66  21:03  Orbital Command  
  57  21:43  SCV  
  55  21:55  SCV  
  48  22:07  SCV  
  47  22:11  Orbital Command  
  35  22:19  SCV  
  26  22:31  SCV  
  27  22:38  Supply Depot  
  27  22:39  Supply Depot, Refinery  
  27  22:40  Refinery  
  27  22:47  SCV  
  28  23:01  Barracks  
  28  23:02  Barracks  
  28  23:05  Barracks  
  24  23:40  Starport Tech Lab  
  23  23:43  Starport Tech Lab  
  23  23:54  Barracks Tech Lab x2  
  23  24:03  Factory  
  23  24:06  Factory  
  23  24:11  Command Center  
  23  24:15  Unknown  
  23  24:16  Command Center  
  22  24:21  Marauder x2  
  25  24:34  Barracks Tech Lab  
  25  24:43  Marauder x2  
  29  24:49  Factory Tech Lab  
  29  24:52  Factory Tech Lab  
  29  24:54  Marauder  
Show
View Real Time Build Order
Export as new Build Order

redbusman Terran - Winner!

Build Orders:  

Get SALT Encoding   

  12  0:08  SCV  
  13  0:20  SCV  
  14  0:24  Supply Depot  
  14  0:32  SCV  
  14  0:33  Refinery  
  15  0:46  SCV  
  15  0:49  Barracks  
  16  0:58  SCV  
  17  1:18  Supply Depot  
  17  1:26  SCV  
  18  1:38  SCV  
  19  1:44  Command Center  
  19  1:47  Marine  
  20  1:57  Orbital Command  
  20  2:14  Barracks Reactor  
  20  2:29  Factory  
  21  2:30  SCV  
  21  2:42  SCV  
  22  2:51  Marine x2  
  23  2:54  SCV  
  25  3:00  Supply Depot  
  25  3:01  Supply Depot  
  25  3:03  Supply Depot  
  25  3:06  SCV  
  25  3:08  Marine  
  25  3:09  Marine  
  25  3:12  Orbital Command  
  28  3:18  Factory Tech Lab  
  28  3:26  Starport, Marine x2  
  30  3:38  SCV x2  
  32  3:44  Marine x2  
  32  3:47  Refinery  
  34  3:50  SCV  
  34  3:52  Siege Tank  
  38  4:00  SCV  
  38  4:02  SCV, Marine  
  41  4:05  Starport Tech Lab  
  41  4:12  SCV  
  42  4:24  Barracks  
  42  4:31  Engineering Bay  
  42  4:58  Marine x2, Barracks  
  44  5:03  SCV x2  
  46  5:15  SCV x2  
  46  5:16  Marine x2  
  50  5:27  SCV x2  
  50  5:28  Missile Turret  
  52  5:31  Refinery  
  52  5:32  Missile Turret  
  52  5:34  Marine x2  
  52  5:35  Factory Tech Lab  
  54  5:37  Stimpack  
  54  5:39  SCV x2  
  54  5:40  Terran Infantry Weapons Level 1  
  56  5:48  Marine x2  
  58  5:51  SCV x2, Medivac  
  58  5:52  Marine x2  
  64  5:58  Supply Depot x2  
  64  5:59  Supply Depot  
  64  6:01  Supply Depot  
  64  6:02  Refinery  
  64  6:05  Combat Shield  
  64  6:06  Marine x2  
  64  6:09  Marine  
  64  6:10  Marine  
  68  6:21  Medivac  
  68  6:24  Marine x2  
  72  6:27  Marine x2  
  72  6:29  Cyclone  
  77  6:35  SCV  
  78  6:41  Marine  
  78  6:42  Marine  
  78  6:45  Marine x2  
  82  6:51  Medivac  
  84  6:59  Marine x2  
  86  7:01  Cyclone  
  86  7:03  Marine x2  
  86  7:05  Armory  
  86  7:17  Marine x2  
  86  7:21  Marine  
  87  7:34  Command Center  
  87  8:05  Command Center  
  87  8:07  Bunker  
  87  8:18  Supply Depot  
  87  8:39  Medivac, Marine x4  
  93  8:52  Orbital Command  
  93  8:57  Marine x3  
  96  9:09  Medivac  
  44  9:33  Planetary Fortress  
  45  9:38  SCV  
  45  9:41  Marine x4  
  45  9:44  Cyclone  
  52  9:45  Medivac  
  52  9:50  SCV  
  52  9:52  SCV  
  56  9:59  Marine x4  
  60  10:02  SCV  
  60  10:04  SCV  
  62  10:09  Terran Infantry Weapons Level 2  
  62  10:14  SCV  
  62  10:15  Engineering Bay  
  62  10:16  SCV  
  62  10:17  Marine x4  
  68  10:23  Missile Turret  
  68  10:35  Marine  
  49  11:04  Missile Turret  
  49  11:05  Marine x4  
  49  11:09  SCV  
  54  11:16  SCV x2  
  56  11:21  SCV  
  56  11:23  Marine  
  58  11:28  SCV x2  
  58  11:29  Missile Turret  
  58  11:31  Missile Turret  
  58  11:32  Command Center  
  60  11:33  SCV  
  60  11:38  Marine x3  
  64  11:40  SCV x2, Marine  
  64  11:45  SCV  
  68  11:48  Missile Turret  
  68  11:52  SCV x2, Missile Turret  
  68  11:53  Missile Turret  
  70  11:55  Missile Turret  
  70  11:56  Marine x3  
  70  11:57  SCV  
  70  11:58  Missile Turret, Marine  
  75  12:04  SCV  
  75  12:05  SCV  
  77  12:12  Missile Turret  
  77  12:13  Marine  
  77  12:14  Missile Turret, Marine x2  
  80  12:16  Marine  
  75  12:25  Missile Turret  
  73  12:33  SCV x3  
  76  12:37  Refinery  
  76  12:40  Refinery  
  76  12:41  Terran Infantry Armor Level 1  
  76  12:43  Hi-Sec Auto Tracking  
  76  12:45  SCV x2  
  76  12:46  SCV  
  79  12:57  SCV  
  79  12:58  SCV x2, Planetary Fortress  
  82  13:10  SCV x3  
  85  13:22  SCV x3  
  88  13:34  SCV x3  
  90  13:36  Marine x4  
  90  13:40  Medivac, Terran Infantry Weapons Level 3  
  97  13:44  Refinery  
  97  13:46  SCV x3  
  100  13:53  Refinery  
  100  13:54  Marine x4  
  104  13:58  SCV x2  
  106  14:09  Engineering Bay  
  106  14:10  Medivac  
  106  14:12  Marine x4  
  106  14:14  Barracks  
  112  14:26  Barracks  
  112  14:27  Barracks  
  112  14:29  Marine  
  112  14:30  Marine x2  
  112  14:31  Barracks  
  115  14:40  Medivac  
  117  14:48  Terran Infantry Armor Level 2  
  117  14:57  Command Center, Marine x4  
  121  15:00  Cyclone  
  124  15:10  Medivac  
  124  15:14  Barracks Reactor x2  
  126  15:15  Marine x4  
  126  15:18  Barracks Reactor  
  130  15:32  Cyclone  
  130  15:33  Marine x4  
  137  15:38  Missile Turret  
  137  15:40  Medivac  
  139  15:44  Refinery  
  139  15:47  Missile Turret  
  139  15:50  Marine  
  140  15:58  Missile Turret  
  140  16:06  Supply Depot  
  140  16:07  Supply Depot x2  
  140  16:08  Supply Depot  
  140  16:09  Cyclone, Marine x2  
  140  16:10  Supply Depot x2, Medivac  
  147  16:11  Supply Depot  
  147  16:13  Supply Depot x2  
  147  16:27  Marine x3  
  147  16:28  Marine x7  
  157  16:40  Medivac  
  157  16:41  Cyclone  
  157  16:45  Marine x5  
  157  16:46  Marine x5  
  124  17:03  Marine  
  124  17:04  Neosteel Armor  
  125  17:10  Medivac  
  125  17:11  Refinery  
  125  17:13  SCV x4, Cyclone  
  134  17:19  Planetary Fortress  
  134  17:23  Marine x4  
  134  17:24  Marine x6  
  134  17:25  SCV x4  
  148  17:31  Terran Infantry Armor Level 3  
  148  17:37  SCV  
  148  17:40  Medivac  
  148  17:41  Marine x6  
  148  17:42  Marine x4  
  161  17:45  Cyclone  
  164  17:53  Command Center  
  164  17:56  Missile Turret  
  164  17:59  Missile Turret, Marine x8  
  164  18:00  Missile Turret, Marine x2  
  174  18:07  Unknown  
  174  18:10  Medivac  
  176  18:16  Marine  
  176  18:17  Marine x9  
  176  18:18  Cyclone, Command Center  
  189  18:26  Command Center  
  189  18:34  Marine x3  
  189  18:35  Marine x7  
  189  18:40  Medivac  
  166  18:59  Marine  
  166  19:00  Marine x8  
  166  19:01  Marine  
  176  19:10  Medivac  
  178  19:17  Marine x2  
  180  19:34  Marine x6  
  180  19:35  Marine x4  
  190  19:52  Marine x8  
  194  19:53  Marine x2  
  200  20:10  Planetary Fortress  
  200  20:23  Marine  
  200  20:24  Marine  
  179  20:42  Marine x3  
  166  20:43  Marine x7  
  168  21:00  Marine x4  
  168  21:01  Marine x6  
  173  21:18  Marine x6  
  172  21:19  Marine x4  
  170  21:36  Marine x7  
  170  21:37  Marine x3  
  169  21:53  Marine  
  169  21:54  Marine x2  
  159  22:37  Marine x8  
  159  22:38  Marine x2  
  169  22:54  Marine  
  169  22:55  Marine x5  
  175  24:07  Viking  
  177  24:37  Viking  
Tags
 
Add a new tag
Caveats
  • Supply blocks, unpowered buildings, or Contaminate may cause inaccurate times.
  • Supply counts are checked every 10 seconds.